 Dungeon Crawl Stone Soup version 0.20.1-1-g8b1a95d (webtiles) character file.

1036 TheOvate the Shooter (level 8, -1/44 HPs)
             Began as a Deep Elf Hunter on Dec 27, 2017.
             Slain by an orc warrior
             ... wielding a +0 scimitar
              (18 damage)
             ... on level 6 of the Dungeon.
             The game lasted 00:30:22 (4910 turns).

TheOvate the Shooter (Deep Elf Hunter)              Turns: 4910, Time: 00:30:23

Health: -1/44      AC:  9    Str: 10      XL:     8   Next: 4%
Magic:  10/10      EV:  9    Int: 17      God:
Gold:   190        SH:  0    Dex: 15 (16) Spells: 7/7 levels left

rFire    + + .     SeeInvis .   a - +1 shortbow
rCold    x . .     Gourm    .   (shield currently unavailable)
rNeg     . . .     Faith    .   l - +0 fire dragon scales
rPois    .         Spirit   .   (no helmet)
rElec    .         Reflect  .   (no cloak)
rCorr    .         Harm     .   (no gloves)
MR       .....     Rnd*Tele +   (no boots)
Stlth    ..........             (no amulet)
Regen    0.2/turn               p - ring of teleportation (curse)
MPRegen  0.2/turn               (no ring)

@: no status effects
A: no striking features
a: no special abilities


You were on level 6 of the Dungeon.
You were not hungry.

You visited 1 branch of the dungeon, and saw 6 of its levels.

You collected 190 gold pieces.

Inventory:

Hand Weapons
 a - a +1 shortbow (weapon)
 n - a +1 long sword of protection
Missiles
 t - 20 arrows (quivered)
Armour
 c - a +0 leather armour
 l - +0 fire dragon scales (worn)
Jewellery
 p - a cursed ring of teleportation (left hand)
Wands
 q - a wand of enslavement (15/24)
Scrolls
 b - 3 scrolls of remove curse {unknown}
 g - a scroll of fog {unknown}
 h - 6 scrolls of identify
 r - a scroll of fear {unknown}
 s - a scroll of teleportation {unknown}
 x - a scroll of amnesia {unknown}
Potions
 e - a potion of lignification {unknown}
 j - a potion of haste
 k - a potion of ambrosia
 m - 4 potions of invisibility {unknown}
 u - 2 potions of brilliance {unknown}
 v - 2 potions of curing
 w - a potion of heal wounds {unknown}
Comestibles
 d - a meat ration
 f - 4 bread rations


   Skills:
 + Level 1.9 Fighting
   Level 0.2(1.6) Short Blades
 * Level 2.5 Long Blades
 - Level 7.7 Bows
 - Level 5.1 Armour
 - Level 2.5 Dodging
 - Level 1.4 Stealth


You had 7 spell levels left.
You didn't know any spells.

Dungeon Overview and Level Annotations

Branches:
Dungeon (6/15)             Temple (0/1) D:6

Altars:
Elyvilon
Gozag
Hepliaklqana
Kikubaaqudgha
Makhleb
Okawaru
Ru
Sif Muna
Uskayaw


Message History

The sky beast hits your orc warrior but does no damage.
Your orc warrior barely misses the sky beast.
The sky beast hits your orc warrior but does no damage.
The sky beast closely misses your orc warrior.
Your orc warrior hits the sky beast with a scimitar!!
The sky beast hits your orc warrior but does no damage.
Your orc warrior closely misses the sky beast.
The sky beast barely misses your orc warrior.
Your orc warrior hits the sky beast with a scimitar!
The sky beast dies!
You have reached level 8!
You feel clever.
Your orc warrior looks more experienced.
You swap places.
You now have 190 gold pieces (gained 14).
The orc warrior is no longer charmed.
The orc warrior closely misses you.
You see here a sky beast corpse.
You butcher the sky beast corpse.
The orc warrior hits you with a scimitar!!
You die...

###≈≈≈≈≈)≈ #..≈≈≈≈≈≈≈
###### #.o.......
###....# #..≈PP≈P≈≈
#|.....######(##≈≈≈≈≈;
#.#........(((###≈P≈≈≈
#......#.###### ##♣♣♣♣
#.....##...
#.._.@####...##
#....o# #.[...# ..
#.....# #<..#.## .# #
####..# #......# .##.
###.#####......##...
#.........##.......##
#...........#........
#.......<.#...###....
###.#................


You could see an orc warrior.

Vanquished Creatures
  Prince Ribbit (D:5)
  Grinder (D:3)
  An ogre (D:4)
  A centaur (D:5)
  A scorpion (D:5)
  A howler monkey (D:4)
  A crimson imp (D:5)
  A quasit (D:5)
  A hound (D:5)
  A centaur skeleton (D:4)
  An orc priest (D:5)
  A worker ant (D:5)
  An orc wizard (D:5)
  A howler monkey zombie (D:5)
  8 adders
  An adder skeleton (D:4)
  3 worms
  2 dart slugs
  3 leopard geckos
  5 orcs
  3 giant cockroaches
  7 goblins
  3 hobgoblins
  2 kobolds (D:1)
  3 quokkas
  A ball python (D:3)
  7 bats
  8 frilled lizards
  A jackal zombie (D:5)
  2 rats
73 creatures vanquished.

Vanquished Creatures (collateral kills)
  A sky beast (D:6)
1 creature vanquished.

Vanquished Creatures (others)
  An orc (D:6)
1 creature vanquished.

Grand Total: 75 creatures vanquished

Notes
Turn   | Place    | Note
-------+----------+-------------------------------------------
     0 | D:1      | TheOvate the Deep Elf Hunter began the quest for the Orb.
     0 | D:1      | Reached XP level 1. HP: 12/12 MP: 3/3
   239 | D:1      | Reached XP level 2. HP: 16/16 MP: 4/4
   344 | D:1      | Reached skill level 5 in Bows
  1101 | D:2      | Reached XP level 3. HP: 21/21 MP: 5/5
  1737 | D:3      | Reached XP level 4. HP: 19/26 MP: 6/6
  1783 | D:3      | Noticed Grinder
  1783 | D:3      | Paralysed by Grinder for 7 turns
  1799 | D:3      | Paralysed by Grinder for 6 turns
  1853 | D:3      | Killed Grinder
  1853 | D:3      | Reached skill level 7 in Bows
  1853 | D:3      | Reached XP level 5. HP: 7/30 MP: 7/7
  2125 | D:3      | Reached XP level 6. HP: 35/35 MP: 8/8
  2575 | D:4      | Reached skill level 1 in Armour
  3217 | D:5      | Entered Level 5 of the Dungeon
  3322 | D:5      | Reached XP level 7. HP: 39/39 MP: 9/9
  3990 | D:5      | Noticed Prince Ribbit
  4024 | D:5      | Killed Prince Ribbit
  4024 | D:5      | Reached skill level 1 in Long Blades
  4024 | D:5      | Reached skill level 5 in Armour
  4809 | D:6      | Found a sacrificial altar of Ru.
  4825 | D:6      | Found a deep blue altar of Sif Muna.
  4826 | D:6      | Found an ancient bone altar of Kikubaaqudgha.
  4830 | D:6      | Found an ancient bone altar of Kikubaaqudgha.
  4831 | D:6      | Found a hazy altar of Hepliaklqana.
  4831 | D:6      | Found a sacrificial altar of Ru.
  4831 | D:6      | Found an iron altar of Okawaru.
  4831 | D:6      | Found a hide-covered altar of Uskayaw.
  4831 | D:6      | Found a burning altar of Makhleb.
  4831 | D:6      | Found a white marble altar of Elyvilon.
  4831 | D:6      | Found an opulent altar of Gozag.
  4831 | D:6      | Found a white marble altar of Elyvilon.
  4831 | D:6      | Found a burning altar of Makhleb.
  4842 | D:6      | Found a staircase to the Ecumenical Temple.
  4906 | D:6      | Reached XP level 8. HP: 16/44 MP: 10/10
  4910 | D:6      | Slain by an orc warrior

Skill      XL: |  1  2  3  4  5  6  7 |
---------------+----------------------+-----
Bows           | 5 7 |  7.7
Armour         | 3 5 |  5.1
Long Blades    | 2 |  2.5
Fighting       | |  1.9
Short Blades   | |  0.2
Dodging        | |  2.5
Stealth        | |  1.4

Action                   |  1- 3 |  4- 6 |  7- 9 || total
-------------------------+-------+-------+-------++-------
Melee: Short sword       |       |     5 |       ||     5
       Long sword        |       |       |    52 ||    52
 Fire: Shortbow          |    98 |   101 |    85 ||   284
Evoke: Wand              |       |       |     1 ||     1
  Use: Scroll            |     3 |     2 |       ||     5
       Potion            |     2 |     3 |     3 ||     8
  Eat: Chunk             |     2 |     1 |     1 ||     4
       Meat ration       |       |     1 |       ||     1
       Royal jelly       |       |       |     2 ||     2
Armor: Leather armour    |     8 |       |       ||     8
       Fire dragon scale |     3 |    28 |   134 ||   165
Dodge: Dodged            |    27 |    20 |    97 ||   144
       Rpst.: Long sword |       |       |     7 ||     7
